 Dungeon Crawl Stone Soup version 0.31-a0-145-g046c7d2549 (webtiles) character file.

Game seed: 15633888390693077785

50724 porpoise the Hill Orc Cataclysm (level 14, -2/132 HPs)
             Began as a Hill Orc Fighter on June 6, 2023.
             Was a High Priest of Qazlal.
             Killed from afar by a fire giant (18 damage)
             ... with a fireball
             ... on level 13 of the Dungeon.
             The game lasted 01:26:47 (20537 turns).

porpoise the Hill Orc Cataclysm (Hill Orc Fighter) Turns: 20537, Time: 01:26:49

Health: -2/132     AC: 23    Str: 28    XL:     14   Next: 56%
Magic:  27/27      EV: 13    Int: 11    God:    Qazlal [*****.]
Gold:   799        SH: 14    Dex: 18    Spells: 13/13 levels left

rFire   + . .        a - +1 broad axe (flame)
rCold   . . .        O - +1 buckler {rN+}
rNeg    + . .        S - +2 chain mail {Will+}
rPois   .            C - +2 helmet {Int+3}
rElec   .            F - +1 cloak
rCorr   .            Y - +2 pair of gloves
SInv    .            y - +0 pair of boots
Will    ++...        (no amulet) Stlth
                     r - +6 ring of dexterity
HPRegen 0.42/turn    A - +6 ring of strength
MPRegen 0.20/turn

%: repel missiles
@: protected from fire
A: no striking features
a: Renounce Religion, Upheaval, Elemental Force, Disaster Area


You were on level 13 of the Dungeon.
You worshipped Qazlal.
Qazlal was extremely pleased with you.
You visited 3 branches of the dungeon, and saw 19 of its levels.
You also visited: Sewer and Gauntlet.

You collected 1062 gold pieces.
You spent 263 gold pieces at shops.

Inventory:

Hand Weapons
 a - a +1 broad axe of flaming (weapon)
 b - the +7 whip of Sulphur {drain, Str+4}
   (You found it on level 3 of the Dungeon)

   Str:       It affects your strength (+4).
 s - the +1 trident "Icsit" {freeze, rC+}
   (You found it on level 11 of the Dungeon)

   rC:        It protects you from cold.
 t - a +2 war axe of venom
Missiles
 i - 3 throwing nets
 n - 5 curare-tipped darts (quivered)
 Q - 4 boomerangs
Armour
 h - a +0 troll leather armour
 y - a +0 pair of boots (worn)
 C - a +2 helmet of intelligence (worn)
 F - a +1 cloak (worn)
 O - a +1 buckler of positive energy (worn)
 S - a +2 chain mail of willpower (worn)
 Y - a +2 pair of gloves (worn)
Jewellery
 f - a ring of see invisible
 r - a +6 ring of dexterity (left hand)
 v - a ring of protection from fire
 z - the ring of Equivalence {+Blink Fly rElec MP+9 Str-3}
   (You found it on level 12 of the Dungeon)

   [ring of flight]

   Str:       It affects your strength (-3).
   rElec:     It insulates you from electricity.
   MP:        It affects your magic capacity (+9).
   Fly:       It grants you flight.
   +Blink:    It lets you blink.
 A - a +6 ring of strength (right hand)
 P - a ring of ice
Wands
 k - a wand of flame (11)
 l - a wand of iceblast (10)
 K - a wand of acid (15)
 R - a wand of digging (1)
 V - a wand of mindburst (15)
 W - a wand of charming (5)
Scrolls
 c - a scroll of vulnerability {unknown}
 e - 4 scrolls of fog
 q - 2 scrolls of poison
 u - a scroll of amnesia
 w - a scroll of enchant armour
 B - 3 scrolls of blinking
 E - 7 scrolls of teleportation
 G - 2 scrolls of fear
 H - a scroll of summoning
 I - a scroll of torment
 L - 4 scrolls of identify
Potions
 d - 5 potions of might
 g - 2 potions of resistance
 j - 2 potions of ambrosia
 m - 4 potions of curing
 o - 3 potions of cancellation
 p - 2 potions of haste
 x - 4 potions of lignification
 D - 4 potions of enlightenment
 U - a potion of attraction
Miscellaneous
 M - a lightning rod (4/4)


   Skills:
 - Level 14.0 Fighting
 * Level 14.6 Axes
 - Level 9.0 Armour
 - Level 7.0 Dodging
 - Level 7.0 Shields
 + Level 18.2 Invocations
 - Level 5.0 Evocations


You had 13 spell levels left.
You didn't know any spells.
Your spell library contained the following spells:

 Spells                   Type           Power      Damage    Failure   Level
 Foxfire                  Conj/Fire      0%         2x1d4     83%         1
 Sting                    Tmut/Pois      0%         1d3       83%         1
 Blink                    Tloc           0%         N/A       92%         2
 Cigotuvi's Dreadful Rot  Necr/Pois/Air  0%         N/A       92%         2
 Ensorcelled Hibernation  Hex/Ice        0%         N/A       92%         2
 Lesser Beckoning         Tloc           0%         N/A       92%         2
 Momentum Strike          Conj/Tloc      0%         3d8       92%         2
 Passwall                 Tmut/Erth      0%         N/A       92%         2
 Poisonous Vapours        Pois/Air       0%         N/A       92%         2
 Sublimation of Blood     Necr           0%         N/A       92%         2
 Wereblood                Tmut           0%         N/A       92%         2
 Dazzling Flash           Conj/Hex       0%         N/A       99%         3
 Gell's Gravitas          Tloc           0%         N/A       99%         3
 Ignite Poison            Fire/Tmut/Pois 0%         N/A       99%         3
 Inner Flame              Hex/Fire       0%         N/A       99%         3
 Swiftness                Air            0%         N/A       99%         3
 Teleport Other           Tloc           0%         N/A       99%         3
 Volatile Blastmotes      Fire/Tloc      0%         2d10      99%         3
 Flame Wave               Conj/Fire      0%         2d4       100%        4
 Iskenderun's Mystic Bla  Conj/Tloc      0%         2d3       100%        4
 Olgreb's Toxic Radiance  Pois           0%         N/A       100%        4
 Sticky Flame             Conj/Fire      0%         2d3       100%        4
 Fireball                 Conj/Fire      0%         3d3       100%        5
 Freezing Cloud           Conj/Ice/Air   0%         6-21      100%        5
 Plasma Beam              Fire/Air       0%         2x1d10    100%        6
 Starburst                Conj/Fire      0%         6d3       100%        6
 Summon Hydra             Summ           0%         N/A       100%        7


Dungeon Overview and Level Annotations

Branches:
Dungeon (13/15)            Temple (1/1) D:6            Lair (5/5) D:8
  Swamp (0/4) Lair:3       Spider (0/4) Lair:2        Slime (0/5) Lair:5
    Orc (0/2) D:10          Sewer (visited)         Gauntlet (visited)
 Vaults: D:13-14

Altars:
Ashenzari
Cheibriados
Dithmenos
Elyvilon
Fedhas
Gozag
Hepliaklqana
Kikubaaqudgha
Nemelex Xobeh
Okawaru
Qazlal
Ru
Sif Muna
Trog
Uskayaw
Vehumet
Wu Jian
Xom
Yredelemnul
Zin
The Shining One
Jiyva

Shops:
D:1 *   D:2 [   D:7 ?   D:9 ([=

Annotations:
D:7 1 runed translucent door, baller8008's ghost, novice DECj
D:8 fly
D:11 fly hellknights
D:13 3 runed translucent doors


Message History

The fire giant is moderately wounded.
The fire giant gestures at you while chanting.
The bolt of fire hits you!! You resist.
* * * LOW HITPOINT WARNING * * *
You slash the fire giant! You burn the fire giant.
The fire giant is heavily wounded.
You slash the vampire mosquito! You burn the vampire mosquito.
You block the vampire mosquito's attack.
You block the fire giant's attack.
The vampire mosquito closely misses you.
You hit the fire giant but do no damage.
The fire giant is moderately wounded.
You barely miss the vampire mosquito.
You feel less protected from fire.
You block the vampire mosquito's attack.
The fire giant hits you with a +1 great sword of flaming!!
* * * LOW HITPOINT WARNING * * *
You feel protected from physical attacks.
The fire giant burns you.
* * * LOW HITPOINT WARNING * * *
You block the vampire mosquito's attack.
Okay, then.
You barely miss the fire giant.
The fire giant is moderately wounded.
You slash the vampire mosquito! You burn the vampire mosquito.
You destroy the vampire mosquito!
Qazlal accepts your kill.
You hear an angry buzzing noise.
You block the fire giant's attack.
You slash the fire giant! You burn the fire giant.
The fire giant is heavily wounded.
You hear an angry buzzing noise.
The fire giant completely misses you.
You slash the fire giant!
The fire giant is severely wounded.
The fire giant points at you and mumbles some strange words.
The fireball explodes!
The fireball engulfs you!!
Your resistance to physical damage fades away.
You feel protected from fire.
You die...

##.##.##. ##..#...#.
###..#######..##...##
######
.............#.....#
......
....######.##.....##
...... #...#
#..#.#####.# ......
#...# ##.##.# .#.##
......
#...####..#..###.#..#
......
#...##...##.§@.†.#..#
......
#......#####.§C######
...... ##....###
###)..# #. ##....
###...### .###.#
.#.#####.. #...### y#
.#.#+####### ..### .#
..#OccW#### ##+ ##
##KyCc+... ..###
##yhBQ#### #...###
##+#######


You could see a fire giant.

Vanquished Creatures
  A fire giant (D:13)
  A minotaur (Gauntlet)
  Fannar (D:10)
  5 hydras
  Harold (D:11)
  4 boulder beetles
  A death yak (Lair:2)
  3 two-headed ogres
  Amaemon (Lair:1)
  Sonja (Lair:2)
  Nergalle (Lair:1)
  2 hell knights (D:11)
  2 skysharks
  Pikel (D:6)
  A lindwurm (Lair:4)
  A wizard (Gauntlet)
  A necromancer (D:11)
  2 deep elf pyromancers (D:12)
  2 manticores
  An oklob plant (Gauntlet)
  4 cyclopes
  3 black mambas
  2 torpor snails
  12 cane toads
  2 minotaur zombies (Gauntlet)
  4 komodo dragons
  2 rime drakes
  An orange demon (Lair:1)
  Psyche (D:8)
  A tengu conjurer (D:13)
  A meliai (D:13)
  A polar bear (Lair:3)
  2 trolls
  2 hornets
  24 blink frogs
  A raiju (Gauntlet)
  6 wyverns
  25 yaks
  A shadow (D:11)
  A wraith (D:11)
  5 basilisks
  A redback (Lair:2)
  5 steam dragons
  6 vampire mosquitoes
  2 swamp worms (Gauntlet)
  4 acid dragons
  4 orc warriors
  8 water moccasins
  6 hell hounds (D:11)
  An ice beast (D:6)
  2 sky beasts (D:7)
  5 black bears
  5 wolves
  6 centaurs
  3 phantoms
  2 lemures (D:6)
  18 bullfrogs
  5 kobold brigands
  2 scorpions
  8 wights
  15 killer bees
  11 electric eels
  5 howler monkeys
  3 jellies
  4 hounds
  9 orc priests
  4 sleepcaps
  Terence (D:2)
  Natasha (thrice) (D:3)
  7 iguanas
  11 orc wizards
  Robin (D:3)
  20 adders
  2 river rats (Sewer)
  A shadow imp (D:5)
  3 white imps
  An ufetubus (D:6)
  5 worms
  A dart slug (D:3)
  45 orcs
  9 endoplasms
  5 giant cockroaches
  11 goblins
  10 hobgoblins
  3 jackals (D:1)
  16 kobolds
  6 quokkas
  9 ball pythons
  4 bats
  5 frilled lizards
  5 rats
462 creatures vanquished.

Vanquished Creatures (collateral kills)
  Rupert (Lair:3)
1 creature vanquished.

Grand Total: 463 creatures vanquished

Notes
Turn   | Place    | Note
-------+----------+-------------------------------------------
     0 | D:1      | porpoise the Hill Orc Fighter began the quest for the Orb.
     0 | D:1      | Reached XP level 1. HP: 19/19 MP: 1/1
   109 | D:1      | Found Noloskerr's Assorted Antiques.
   262 | D:1      | Reached XP level 2. HP: 27/27 MP: 2/2
   827 | D:2      | Reached XP level 3. HP: 33/33 MP: 3/3
   843 | D:2      | Found Hiokkehe's Armour Boutique.
   912 | D:2      | Noticed Terence
   924 | D:2      | Killed Terence
   925 | D:2      | Reached XP level 4. HP: 24/41 MP: 4/4
  1074 | D:2      | Reached skill level 5 in Axes
  1522 | D:3      | Reached XP level 5. HP: 25/47 MP: 5/5
  1531 | D:3      | Reached skill level 5 in Fighting
  1610 | D:3      | Noticed Natasha
  1625 | D:3      | Killed Natasha
  1763 | D:3      | Identified the +7 whip of Sulphur {drain, Str+4}
  2114 | D:3      | Noticed Natasha
  2121 | D:3      | Killed Natasha
  2121 | D:3      | Noticed Robin
  2138 | D:3      | Reached XP level 6. HP: 50/56 MP: 6/6
  2142 | D:3      | Killed Robin
  2355 | D:3      | Noticed Natasha
  2359 | D:3      | Killed Natasha
  2402 | D:1      | Bought a black potion for 23 gold pieces
  2402 | D:1      | Bought a scroll labelled RAZODW HIRPHYCW for 26 gold pieces
  2402 | D:1      | Bought a scroll labelled XOSHROARGH MOYTU for 26 gold
                  | pieces
  2402 | D:1      | Bought a scroll labelled YSAINA JARRE for 26 gold pieces
  2767 | D:4      | Noticed a black bear
  2777 | D:4      | Killed a black bear
  2962 | D:4      | Found a glowing silver altar of Zin.
  3057 | D:4      | Reached XP level 7. HP: 53/63 MP: 7/7
  3343 | D:5      | Entered Level 5 of the Dungeon
  3580 | D:5      | Identified the +5 whip "Wiqypt" {flame, Contam rC+ rCorr
                  | Str+7}
  3687 | D:5      | Reached XP level 8. HP: 72/73 MP: 8/8
  3712 | D:5      | Reached skill level 10 in Axes
  4069 | D:5      | Found a white marble altar of Elyvilon.
  4337 | D:6      | Noticed Pikel
  4357 | D:6      | Killed Pikel
  4358 | D:6      | Reached XP level 9. HP: 67/82 MP: 9/9
  4542 | D:6      | Found a glowing drain.
  4551 | Sewer    | Entered a sewer
  5017 | D:6      | Found a staircase to the Ecumenical Temple.
  5039 | Temple   | Entered the Ecumenical Temple
  5051 | Temple   | Became a worshipper of Qazlal Stormbringer
  5220 | D:6      | Found a broken altar of Ashenzari.
  5359 | D:6      | Reached skill level 1 in Invocations
  5460 | D:6      | Reached skill level 2 in Invocations
  5499 | D:6      | Reached skill level 3 in Invocations
  5705 | D:6      | Noticed a manticore
  5714 | D:6      | Killed a manticore
  5715 | D:6      | Reached skill level 5 in Armour
  5715 | D:6      | Reached skill level 4 in Invocations
  5715 | D:6      | Reached XP level 10. HP: 55/91 MP: 11/13
  5964 | D:2      | Bought a +1 buckler of positive energy for 162 gold pieces
  6127 | D:7      | Reached * piety under Qazlal
  6133 | D:7      | Reached skill level 5 in Invocations
  6210 | D:7      | Reached skill level 1 in Dodging
  6336 | D:7      | Reached skill level 6 in Invocations
  6434 | D:7      | Found Qalah's Magic Scroll Boutique.
  6444 | D:7      | Reached ** piety under Qazlal
  6905 | D:7      | Found a runed translucent door.
  6906 | D:7      | Found a shimmering altar of Xom.
  6906 | D:7      | Noticed a +2 scimitar of chaos
  6906 | D:7      | Noticed baller8008's ghost (novice DECj)
  7225 | D:8      | Reached skill level 7 in Invocations
  7258 | D:8      | Found an opulent altar of Gozag.
  7349 | D:8      | Noticed a two-headed ogre
  7357 | D:8      | Noticed Psyche
  7370 | D:8      | Killed Psyche
  7400 | D:8      | Reached skill level 8 in Invocations
  7409 | D:8      | Killed a two-headed ogre
  7631 | D:8      | Reached skill level 9 in Invocations
  8050 | D:8      | Reached XP level 11. HP: 58/97 MP: 18/18
  8227 | D:8      | Found a staircase to the Lair.
  8543 | D:9      | Reached skill level 10 in Invocations
  8584 | D:9      | Found Itaopima's Jewellery Boutique.
  8614 | D:9      | Noticed a +0 dagger
  8614 | D:9      | Noticed a +0 short sword
  8614 | D:9      | Noticed a +0 spear
  8615 | D:9      | Noticed a +0 falchion
  8615 | D:9      | Noticed a +0 falchion
  8616 | D:9      | Noticed a +0 short sword
  8618 | D:9      | Noticed a +0 dagger
  8619 | D:9      | Noticed a +0 spear
  8622 | D:9      | Found Cewud's Armour Shoppe.
  8627 | D:9      | Found a hide-covered altar of Uskayaw.
  8720 | D:9      | Found Esueplod's Weapon Emporium.
  8738 | D:9      | Reached *** piety under Qazlal
  9194 | D:9      | Reached skill level 5 in Shields
  9286 | D:9      | Reached skill level 11 in Invocations
  9326 | D:9      | Noticed a two-headed ogre
  9340 | D:9      | Killed a two-headed ogre
  9341 | D:9      | Reached skill level 1 in Evocations
  9720 | D:10     | Entered Level 10 of the Dungeon
  9749 | D:10     | Noticed a two-headed ogre
  9755 | D:10     | Killed a two-headed ogre
  9795 | D:10     | Found a transporter.
  9797 | D:10     | Found a transporter.
  9829 | D:10     | Found a blossoming altar of Fedhas.
  9847 | D:10     | Found a transporter.
  9847 | D:10     | Found a transporter.
  9859 | D:10     | Found a staircase to the Orcish Mines.
 10059 | D:10     | Reached skill level 12 in Invocations
 10116 | D:10     | Noticed Fannar
 10167 | D:10     | Killed Fannar
 10249 | D:10     | Found a shimmering blue altar of Sif Muna.
 10564 | D:10     | Found a transporter.
 10569 | D:10     | Found a transporter.
 10585 | D:10     | Reached skill level 5 in Dodging
 10693 | D:10     | Found a shimmering altar of Xom.
 10695 | D:10     | Found a shimmering altar of Xom.
 10695 | D:10     | Found an iron altar of Okawaru.
 10697 | D:10     | Found a shimmering altar of Xom.
 10697 | D:10     | Found a glowing golden altar of the Shining One.
 10697 | D:10     | Found a hazy altar of Hepliaklqana.
 11118 | Lair:1   | Entered Level 1 of the Lair of Beasts
 11270 | Lair:1   | Reached skill level 13 in Invocations
 11371 | Lair:1   | Reached XP level 12. HP: 97/104 MP: 21/21
 11377 | Lair:1   | Noticed Amaemon
 11391 | Lair:1   | Killed Amaemon
 11391 | Lair:1   | Reached **** piety under Qazlal
 11625 | Lair:1   | Reached skill level 14 in Invocations
 11633 | Lair:1   | Reached skill level 5 in Evocations
 11792 | Lair:1   | Noticed Nergalle
 11800 | Lair:1   | Killed Nergalle
 12986 | Lair:2   | Noticed Sonja
 12993 | Lair:2   | Killed Sonja
 13005 | Lair:2   | Reached skill level 10 in Fighting
 13362 | Lair:2   | Found a hole to the Spider Nest.
 13409 | Lair:2   | Reached skill level 15 in Invocations
 13633 | Lair:2   | Noticed a six-headed hydra
 13823 | Lair:2   | Noticed a death yak
 13834 | Lair:2   | Killed a death yak
 13981 | Lair:2   | Reached XP level 13. HP: 115/115 MP: 24/24
 14718 | Lair:3   | Reached skill level 16 in Invocations
 14996 | Lair:3   | Found a staircase to the Swamp.
 15080 | Lair:3   | Reached ***** piety under Qazlal
 15211 | Lair:3   | Noticed Rupert
 15287 | Lair:3   | Killed Rupert
 15832 | Lair:4   | Found a gate leading to a gauntlet.
 15845 | Gauntlet | Entered a Gauntlet
 15845 | Gauntlet | Found a transporter.
 15845 | Gauntlet | Found a transporter.
 15845 | Gauntlet | Found a transporter.
 15988 | Gauntlet | Found a transporter.
 15989 | Gauntlet | Found a transporter.
 15992 | Gauntlet | Noticed a blizzard demon
 15999 | Gauntlet | Found a transporter.
 16066 | Gauntlet | Found a transporter.
 16076 | Gauntlet | Found a transporter.
 16091 | Gauntlet | Found a transporter.
 16101 | Gauntlet | Found a transporter.
 16116 | Gauntlet | Found a transporter.
 16122 | Gauntlet | Found a transporter.
 16398 | Gauntlet | Noticed a minotaur
 16410 | Gauntlet | Killed a minotaur
 16411 | Gauntlet | Reached skill level 17 in Invocations
 16740 | Gauntlet | Identified the +2 mace of Gusur {speed, Will+ rCorr Str+2}
 17021 | Lair:4   | Reached XP level 14. HP: 117/129 MP: 26/26
 17252 | Lair:4   | You fall into a shaft and drop 1 floor!
 17252 | Lair:5   | Entered Level 5 of the Lair of Beasts
 17252 | Lair:5   | Found a staircase to the Slime Pits.
 17252 | Lair:5   | Found a viscous altar of Jiyva.
 18023 | D:11     | Noticed Harold
 18032 | D:11     | Killed Harold
 18281 | D:11     | Identified the +1 trident "Icsit" {freeze, rC+}
 18697 | D:11     | HP: 1/130 [hell knight/bolt of fire (30)]
 20016 | D:12     | Identified the ring of Equivalence {+Blink Fly rElec MP+9
                  | Str-3}
 20236 | D:13     | Reached skill level 18 in Invocations
 20334 | D:13     | Found a runed translucent door.
 20335 | D:13     | Noticed a tengu reaver
 20337 | D:13     | Found a runed translucent door.
 20337 | D:13     | Found a runed translucent door.
 20506 | D:13     | Noticed a fire giant
 20516 | D:13     | Noticed a fire giant
 20518 | D:13     | Killed a fire giant
 20537 | D:13     | Killed from afar by a fire giant

Illustrated notes

Levels and vault maps discovered:
D:1:      sevenhm_arrival_forest_fort_small_5, layout_loops_ring, serial_shops,
          shop, minivault_25, hex_large, minmay_misc_feat_encased
D:2:      layout_basic, serial_shops, shop, corexii_shack, uniq_terence
D:3:      layout_basic, uniq_natasha, uniq_robin
D:4:      nicolae_cairo_tiling_large_dashed, layout_basic,
          mainiacjoe_overflow_alcove_4
D:5:      layout_cave_pools, kennysheep_little_box, minmay_fractal_squares_5
D:6:      kennysheep_windowed_halls, layout_rooms, amcnicky_altar_gilded,
          minmay_temple_entry_sparse_star, portal_sewer_entry_d, uniq_pikel
D:7:      nicolae_cairo_tiling_very_big, layout_rooms, serial_rivers,
          chequers_serial_rivers_room_a, chequers_serial_rivers_micro_b,
          chequers_serial_rivers_room_b, chequers_serial_rivers_room_a,
          chequers_serial_rivers_room_a, chequers_serial_rivers_micro_c,
          ebering_ghost_xom, glass_columns_c, ebering_dispersal_statue_hall,
          kennysheep_small_circle
D:8:      layout_loops_cross, marbit_many_paths, david_lair_shrubbed,
          water_boxes_lemuel, uniq_psyche
D:9:      layout_roguey, nicolae_uskayaw_en_pointe, serial_bayou,
          serial_bayou_lagoon_a, serial_bayou_pond_c, serial_bayou_lake_a,
          serial_bayou_pond_b, serial_shops, shop, kennysheep_mini_moat, shop
D:10:     layout_basic, doesnt_xom_only_xom, mainiacjoe_overflow_big_doors,
          david_orc_2, serial_nicolae_subway, nicolae_sub_station_crystal,
          nicolae_sub_station_metal, nicolae_sub_station_stone, uniq_fannar
D:11:     layout_loops_ring, minmay_rotating_lava, uniq_harold
D:12:     layout_loops_ring
D:13:     minmay_the_grid_four_pointed_star
          [minmay_the_grid_triangle_9x9_descending_squares,
          minmay_the_grid_triangle_9x9_fully_insulated_deathbox,
          minmay_the_grid_triangle_9x9_intruding_spiral,
          minmay_the_grid_triangle_9x9_pentomino_pain,
          minmay_the_grid_prize_diamond_cup], layout_long_grid, david_vaults_2,
          serial_shops, shop, uniq_maurice
Temple:   nicolae_temple_great_sept
Lair:1:   layout_roguey, beast_lair_carwin_6, uniq_amaemon, uniq_nergalle
Lair:2:   layout_cave_pods, spider_nest_entry_rubble, nzn_random_ring,
          uniq_sonja
Lair:3:   layout_roguey, swamp_mist_pool, uniq_rupert
Lair:4:   layout_loops_ring, gauntlet_entry_generic, serial_bayou_lagoon_b,
          grunt_megastairs_4
Lair:5:   hangedman_lair_tendril_chambers, layout_hall_layers, slime_entry_1,
          serial_bayou, serial_bayou_pond_e, serial_bayou_shore_a,
          serial_bayou_pond_e, serial_bayou_shore_b

Skill      XL: |  1  2  3  4  5  6  7  8  9 10 11 12 13 14 |
---------------+-------------------------------------------+-----
Axes           | 3 4 5 6 7 9 12 14 | 14.6
Fighting       | 4 5 6 7 8 9 10 13 14 | 14.0
Invocations    | 4 9 13 15 17 18 | 18.2
Armour         | 5 7 8 9 |  9.0
Dodging        | 3 5 7 |  7.0
Shields        | 5 7 |  7.0
Evocations     | 3 5 |  5.0

Action                     |  1- 3 |  4- 6 |  7- 9 | 10-12 | 13-15 || total
---------------------------+-------+-------+-------+-------+-------++-------
  Melee: War axe           |    77 |    51 |    89 |   522 |   266 ||  1005
         Whip              |       |    82 |   211 |       |    47 ||   340
         Broad axe         |       |       |       |       |   105 ||   105
         Trident           |       |       |       |       |    76 ||    76
  Throw: Dart              |       |       |       |     4 |     5 ||     9
         Boomerang         |       |       |       |       |     5 ||     5
 Invoke: Elemental Force   |       |       |       |       |     1 ||     1
  Evoke: Wand              |       |       |       |     5 |     1 ||     6
    Use: Scroll            |       |     3 |     9 |    13 |     4 ||    29
         Potion            |       |       |     1 |     2 |     4 ||     7
 Armour: Scale mail        |    31 |    39 |    95 |     9 |       ||   174
         Ring mail         |       |       |       |    63 |       ||    63
         Chain mail        |       |       |       |    72 |   162 ||   234
  Dodge: Dodged            |    27 |    44 |   104 |   206 |   189 ||   570
         Repelled          |       |       |       |       |    13 ||    13
  Block: Buckler           |    21 |    34 |    72 |   222 |   298 ||   647

Table legend: (Time is in decaauts)
 A = Elapsed time spent in this place.
 B = Non-inter-level travel time spent in this place.
 C = Inter-level travel time spent in this place.
 D = Time resting spent in this place.
 E = Time spent auto-exploring this place.
 F = Levels seen in this place.
 G = Mean time per level.
                   A        B        C        D        E       F      G
               +--------+--------+--------+--------+--------+-----+--------+
         Total |  20571 |  19251 |   1320 |   4437 |  10313 |  21 |  979.6 |
       Dungeon |  13437 |  12573 |    864 |   2997 |   6787 |  13 | 1033.6 |
        Temple |     50 |     38 |     12 |      0 |     26 |   1 |   50.0 |
          Lair |   5689 |   5246 |    443 |   1102 |   3031 |   5 | 1137.8 |
         Sewer |    506 |    506 |      0 |     18 |    186 |   1 |  506.0 |
      Gauntlet |    887 |    887 |      0 |    320 |    282 |   1 |  887.0 |
               +--------+--------+--------+--------+--------+-----+--------+

Top non-repeatable levels by time:
  Lair:1: 2045 daAuts
  Lair:2: 1597 daAuts
     D:8: 1452 daAuts
    D:11: 1421 daAuts
     D:9: 1327 daAuts
    D:10: 1323 daAuts
     D:6: 1249 daAuts
  Lair:3: 1108 daAuts
     D:7: 1088 daAuts
     D:3: 1039 daAuts
  Lair:4: 916 daAuts
     D:4: 907 daAuts
Gauntlet: 887 daAuts
     D:1: 833 daAuts
    D:12: 822 daAuts
